 Dungeon Crawl Stone Soup version 0.28.0 (webtiles) character file.

Game seed: 12625584075822144086

1036 Host24 the Quickloader (level 8, -16/46 HPs)
             Began as a Kobold Hunter on Feb 9, 2022.
             Was a Follower of Okawaru.
             Demolished by an ogre (20 damage)
             ... on level 5 of the Dungeon.
             The game lasted 00:15:35 (6561 turns).

Host24 the Quickloader (Kobold Hunter)              Turns: 6561, Time: 00:15:36

Health: -16/46     AC:  9    Str: 11    XL:     8   Next: 48%
Magic:  0/11       EV: 11    Int: 13    God:    Okawaru [*.....]
Gold:   145        SH:  0    Dex: 15    Spells: 7/7 levels left

rFire   . . .      SeeInvis .   a - +1 hand crossbow
rCold   + . .      Faith    .   (no shield)
rNeg    . . .      Spirit   +   b - +2 scale mail {rC+}
rPois   .          Reflect  .   s - +0 helmet
rElec   .          Harm     .   (no cloak)
rCorr   .          Rampage  .   (no gloves)
Will    .....                   (no boots)
Stlth   +.........              t - amulet of guardian spirit
HPRegen 0.15/turn               (no ring)
MPRegen 0.12/turn               (no ring)

@: no status effects
A: small, no large weapons, nightstalker 3
a: Renounce Religion, Heroism


You were on level 5 of the Dungeon.
You worshipped Okawaru.
Okawaru was aware of your devotion.
You visited 2 branches of the dungeon, and saw 7 of its levels.

You collected 191 gold pieces.
You spent 46 gold pieces at shops.

Inventory:

Hand Weapons
 a - a +1 hand crossbow (weapon)
 n - a +1 spectral quarterstaff
 v - a +2 dagger of venom
 z - a +1 hunting sling of flaming
Missiles
 d - 48 bolts (quivered ammo)
 f - 54 arrows
 h - 50 sling bullets
 j - 132 stones
 k - 10 poisoned darts
Armour
 b - a +2 scale mail of cold resistance (worn)
 c - a +0 leather armour
 s - a +0 helmet (worn)
 E - +0 steam dragon scales
Jewellery
 t - an amulet of guardian spirit (around neck)
Wands
 r - a wand of polymorph (9)
 y - a wand of acid (13)
Scrolls
 e - 3 scrolls of enchant armour {unknown}
 g - a scroll of brand weapon {unknown}
 i - 3 scrolls of fear {unknown}
 l - 2 scrolls of vulnerability {unknown}
 o - a scroll of teleportation {unknown}
 q - 4 scrolls of identify {unknown}
 A - a scroll of blinking {unknown}
 D - 2 scrolls of magic mapping {unknown}
Potions
 m - 3 potions of heal wounds {unknown}
 p - a potion of flight {unknown}
 u - a potion of mutation {unknown}
 w - 2 potions of attraction {unknown}
 x - a potion of berserk rage {unknown}
 B - a potion of might {unknown}
 C - a potion of magic {unknown}


   Skills:
 - Level 3.0 Fighting
 - Level 10.3 Crossbows
 - Level 3.0 Dodging
 - Level 1.3 Stealth
 + Level 5.1 Invocations


You had 7 spell levels left.
You didn't know any spells.
Your spell library contained the following spells:

 Spells                   Type           Power      Damage    Failure   Level
 Apportation              Tloc           0%         N/A       89%         1
 Stone Arrow              Conj/Erth      0%         3d7       99%         3
 Lehudib's Crystal Spear  Conj/Erth      0%         10d2      100%        8
 Animate Skeleton         Necr           Unusable   N/A       N/A         1
 Summon Small Mammal      Summ           Unusable   N/A       N/A         1
 Animate Armour           Summ/Erth      Unusable   N/A       N/A         4

Dungeon Overview and Level Annotations

Branches:
Dungeon (6/15)             Temple (1/1) D:4

Altars:
Ashenzari
Cheibriados
Dithmenos
Elyvilon
Fedhas
Gozag
Hepliaklqana
Kikubaaqudgha
Makhleb
Okawaru
Qazlal
Ru
Trog
Uskayaw
Vehumet
Wu Jian
Xom
Yredelemnul
Zin

Shops:
D:3 *   D:5 :

Annotations:
D:3 1 runed translucent door, Crazy Yiuf, Grinder
D:4 Edmund


Innate Abilities, Weirdness & Mutations

You are small and have problems with some larger weapons.
You are completely attuned to the shadows.


Message History

Aim: an ogre, wielding a +0 giant spiked club (heavily wounded, 80% to hit)
You shoot a bolt. The bolt hits the ogre.
The ogre is severely wounded.
The ogre hits you with a +0 giant spiked club!!
* * * LOW HITPOINT WARNING * * *
The ogre misses you.
There is a stone staircase leading down, spattered with blood here.
There is a stone staircase leading up here.
The ogre hits you with a +0 giant spiked club!!
* * * LOW HITPOINT WARNING * * *
You climb upwards.
There is a stone staircase leading down here.
There is an entrance to Yvviduco's Book Shop here.
The ogre hits you with a +0 giant spiked club!
* * * LOW HITPOINT WARNING * * *
You don't have enough magic at the moment.
Fire: 52 bolts
Press: ? - help, Q - select action, (/) - cycle Shift-Dir - straight line, f - ogre
Aim: an ogre, wielding a +0 giant spiked club (lightly wounded, 80% to hit)
You shoot a bolt. The bolt hits the ogre.
The ogre is moderately wounded.
Fire: 51 bolts
Press: ? - help, Q - select action, (/) - cycle Shift-Dir - straight line, f/p - ogre
Aim: an ogre, wielding a +0 giant spiked club (moderately wounded, 80% to hit)
You shoot a bolt. The bolt hits the ogre.
The ogre is heavily wounded.
The ogre hits you with a +0 giant spiked club.
Fire: 50 bolts
Press: ? - help, Q - select action, (/) - cycle Shift-Dir - straight line, f/p - ogre
Aim: an ogre, wielding a +0 giant spiked club (heavily wounded, 80% to hit)
You shoot a bolt. The bolt hits the ogre.
The ogre is heavily wounded.
The ogre misses you.
Fire: 49 bolts
Press: ? - help, Q - select action, (/) - cycle Shift-Dir - straight line, f/p - ogre
Aim: an ogre, wielding a +0 giant spiked club (heavily wounded, 80% to hit)
You shoot a bolt. The bolt hits the ogre.
The ogre is heavily wounded.
The ogre hits you with a +0 giant spiked club!!
You die...

##.### ##.#
#....###.##
..##....##
.####...# ##
########### #
###.......##
##...∩..##.(##
####......#####O##
#....###### ##@##
..#### ##.### .##
#...# ## ##..#
#..# #.## #### #.#
...## #.# ....#
###


You could see an ogre.

Vanquished Creatures
  A steam dragon (D:6)
  A black bear (D:5)
  A necrophage (D:6)
  2 ogres
  A bullfrog (D:6)
  A water moccasin skeleton (D:5)
  2 orc priests (D:5)
  A bullfrog skeleton (D:4)
  2 iguanas
  2 orc wizards (D:5)
  A killer bee zombie (D:6)
  Robin (D:3)
  3 gnolls (D:5)
  8 adders
  A white imp (D:5)
  An ufetubus (D:6)
  2 adder skeletons (D:4)
  An adder zombie (D:5)
  15 orcs
  13 ball pythons
  7 endoplasms
  3 giant cockroaches
  20 goblins
  6 hobgoblins
  2 quokkas
  3 bats
  3 frilled lizards
  5 kobolds
  5 rats
114 creatures vanquished.

Notes
Turn   | Place    | Note
-------+----------+-------------------------------------------
     0 | D:1      | Host24 the Kobold Hunter began the quest for the Orb.
     0 | D:1      | Reached XP level 1. HP: 12/12 MP: 1/1
    27 | D:1      | Reached skill level 5 in Crossbows
   276 | D:1      | Found a faded altar of an unknown god.
   386 | D:1      | Reached XP level 2. HP: 18/18 MP: 2/2
   952 | D:1      | Reached XP level 3. HP: 23/23 MP: 3/3
  1782 | D:2      | Reached XP level 4. HP: 28/28 MP: 4/4
  2125 | D:3      | Noticed Grinder
  2161 | D:3      | Reached skill level 6 in Crossbows
  2271 | D:3      | Noticed Robin
  2294 | D:3      | Killed Robin
  2451 | D:3      | Reached XP level 5. HP: 26/32 MP: 5/5
  2646 | D:3      | Found a runed translucent door.
  2649 | D:3      | Noticed Crazy Yiuf
  2861 | D:3      | Found Wokhlysir's General Store.
  2866 | D:3      | Bought 21 bolts for 46 gold pieces
  3055 | D:4      | Noticed Edmund
  3238 | D:4      | Reached skill level 7 in Crossbows
  3239 | D:4      | Found a staircase to the Ecumenical Temple.
  3245 | Temple   | Entered the Ecumenical Temple
  3541 | Temple   | Became a worshipper of Warmaster Okawaru
  3781 | D:4      | Noticed an ogre
  3788 | D:4      | Killed an ogre
  3789 | D:4      | Reached XP level 6. HP: 37/37 MP: 6/6
  3938 | D:4      | Reached skill level 8 in Crossbows
  4301 | D:5      | Entered Level 5 of the Dungeon
  4354 | D:5      | Noticed a black bear
  4440 | D:5      | Reached XP level 7. HP: 16/41 MP: 4/7
  4667 | D:5      | Reached skill level 9 in Crossbows
  4756 | D:5      | Reached * piety under Okawaru
  5755 | D:5      | Found Yvviduco's Book Shop.
  5971 | D:5      | Reached skill level 10 in Crossbows
  6143 | D:6      | Reached XP level 8. HP: 44/46 MP: 6/9
  6253 | D:6      | Reached skill level 5 in Invocations
  6551 | D:5      | HP: 2/46 [ogre (8)]
  6561 | D:5      | Demolished by an ogre

Illustrated notes

Levels and vault maps discovered:
D:1:      dpeg_arrival_central, layout_basic,
          hellmonk_ecumenical_altar_crossroads
D:2:      layout_basic, minmay_crystal_room
D:3:      layout_rooms, serial_shops, shop, minmay_cut_off, uniq_grinder,
          uniq_crazy_yiuf_cottage, uniq_robin
D:4:      layout_loops_ring, minmay_temple_entry_statues_pillars, uniq_edmund
D:5:      layout_layer_cave, serial_shops, shop
D:6:      layout_basic, gammafunk_temple_overflow_pools,
          grunt_decor_mini_mirrors, nicolae_elevator_lobby_asterisk
Temple:   mainiacjoe_temple_bowtie_tessellation

Skill      XL: |  1  2  3  4  5  6  7  8 |
---------------+-------------------------+-----
Crossbows      | 5 6 7 8 10 | 10.3
Fighting       | 3 |  3.0
Dodging        | 3 |  3.0
Invocations    | 2 5 |  5.1
Stealth        | |  1.3

Action                   |  1- 3 |  4- 6 |  7- 9 || total
-------------------------+-------+-------+-------++-------
Melee: Short sword       |    88 |       |       ||    88
       Punch             |     1 |       |       ||     1
       Quarterstaff      |     1 |    91 |    32 ||   124
       Unarmed           |       |     5 |       ||     5
 Fire: Hand crossbow     |     7 |    18 |    53 ||    78
Invok: Heroism           |       |       |     2 ||     2
 Stab: Sleeping          |    10 |    12 |     1 ||    23
       Distracted        |     1 |     2 |       ||     3
Armor: Leather armour    |    22 |    15 |       ||    37
       Scale mail        |       |       |    17 ||    17
Dodge: Dodged            |    65 |    56 |    55 ||   176
